 Seeded DCSS version 0.27.1-34-g3ba077fa99 (webtiles) character file.

Game seed: 17438665072932102009 (custom seed)

259002 hikkokomori the Spry (level 19, -1/155 HPs)
             Began as a Merfolk Summoner on Feb 2, 2022.
             Was an Initiate of Gozag.
             Slain by a +3 battleaxe of electrocution (15 damage)
             ... on level 2 of the Elven Halls on Feb 3, 2022.
             The game lasted 04:46:52 (46864 turns).

hikkokomori the Spry (Merfolk Summoner)            Turns: 46864, Time: 04:46:53

Health: -1/155     AC: 16    Str:  9    XL:     19   Next: 89%
Magic:  29/33      EV: 29    Int: 40    God:    Gozag
Gold:   5130       SH:  0    Dex: 28    Spells: 5/38 levels left

rFire    + . .     SeeInvis .   p - +8 arc blade {discharge, rElec}
rCold    . . .     Faith    .   (no shield)
rNeg     . . .     Spirit   .   J - +2 robe {Archmagi}
rPois    +         Reflect  .   v - +2 helmet of Distant Worlds {Regen+ Int+5}
rElec    +         Harm     .   N - +2 cloak
rCorr    .         Rampage  .   g - +0 pair of fencer's gloves {Riposte Dex+3}
Will     +....     Archmagi +   M - +0 pair of boots of the Furrier {Int+3 Slay+2}
Stlth    +++++++...             u - amulet "Plog" {rElec Regen+ Int+5 Dex+2}
HPRegen  2.35/turn              c - ring of Qomiv {rPois rF+ Int+6 Dex+4}
MPRegen  0.23/turn              b - ring of Nes Imul {AC+4 Dex+4 Slay+3}

@: studying Staves, invisible
A: (nimble swimmer 2), mertail
}: 2/15 runes: decaying, serpentine
a: Renounce Religion, Potion Petition, Call Merchant, Bribe Branch


You were on level 2 of the Elven Halls.
You worshipped Gozag.
Gozag was greatly pleased with you.
You visited 8 branches of the dungeon, and saw 36 of its levels.
You also visited: Ice Cave and Volcano.

You collected 17488 gold pieces.
You spent 5839 gold pieces at shops.
You paid 6519 gold pieces to Gozag.

Inventory:

Hand Weapons
 a - a +1 vampiric demon trident
 p - the +8 arc blade (weapon) {discharge, rElec}
   (You found it on level 6 of the Lair of Beasts)

   It occasionally unleashes powerful arcs of lightning upon striking a foe.
   These may arc to other adjacent creatures (including the wielder, but dealing
   reduced damage to them) before grounding out.
   rElec:     It insulates you from electricity.
 r - the +6 arbalest "Damnation" {damnation}
   (You found it on level 1 of the Elven Halls)

   Any ammunition fired from it explodes in a burst of damnation on striking a
   foe, dealing damage which bypasses armour.
 T - a +3 rapier of protection
Missiles
 L - 170 bolts
Armour
 g - the +0 pair of fencer's gloves (worn) {Riposte Dex+3}
   (You bought it in a shop on level 2 of the Orcish Mines)

   It allows the wearer to riposte with any weapon, or to riposte more often
   with a long blade, swiftly retaliating against a missed attack.
   Dex:       It affects your dexterity (+3).
 v - the +2 helmet of Distant Worlds (worn) {Regen+ Int+5}
   (You bought it in a shop on level 1 of the Dungeon)

   Int:       It affects your intelligence (+5).
   Regen:     It increases your rate of health regeneration.
 J - a +2 robe of the Archmagi (worn)
 M - the +0 pair of boots of the Furrier (worn) {Int+3 Slay+2}
   (You bought it in a shop on level 2 of the Orcish Mines)

   Int:       It affects your intelligence (+3).
   Slay:      It affects your accuracy & damage with ranged weapons and melee
   (+2).
 N - a +2 cloak (worn)
 Q - the +0 buckler of Free Will {rPois rC++ Will- Int+3}
   (You found it on level 11 of the Dungeon)

   Int:       It affects your intelligence (+3).
   rC:        It greatly protects you from cold.
   rPois:     It protects you from poison.
   Will:      It decreases your willpower.
Jewellery
 b - the ring of Nes Imul (right hand) {AC+4 Dex+4 Slay+3}
   (You bought it in a shop on level 2 of the Orcish Mines)

   [ring of protection]

   AC:        It affects your AC (+4).
   Dex:       It affects your dexterity (+4).
   Slay:      It affects your accuracy & damage with ranged weapons and melee
   (+3).
 c - the ring of Qomiv (left hand) {rPois rF+ Int+6 Dex+4}
   (You acquired it on level 1 of the Dungeon)

   [ring of intelligence]

   Int:       It affects your intelligence (+6).
   Dex:       It affects your dexterity (+4).
   rF:        It protects you from fire.
   rPois:     It protects you from poison.
 i - the ring "Hanot" {Will+ rCorr}
   (You found it on level 2 of the Elven Halls)

   [ring of willpower]

   rCorr:     It protects you from acid and corrosion.
   Will:      It increases your willpower.
 u - the amulet "Plog" (around neck) {rElec Regen+ Int+5 Dex+2}
   (You bought it in a shop on level 1 of the Dungeon)

   [amulet of regeneration]

   Int:       It affects your intelligence (+5).
   Dex:       It affects your dexterity (+2).
   rElec:     It insulates you from electricity.
   Regen:     It increases your rate of health regeneration.
 x - the ring of Shadows {Umbra +Inv Stlth+}
   (You bought it in a shop on level 1 of the Snake Pit)

   [ring of stealth]

   It surrounds you with an aura of shadow, increasing your stealth and reducing
   the accuracy of all within it (including the wearer).
   +Inv:      It lets you turn invisible.
   Stlth:     It makes you more stealthy.
 G - an amulet of magic regeneration
 U - a ring of fire
 Z - the ring of the Twenty Mystics {Fly Str+4 SInv}
   (You bought it in a shop on level 13 of the Dungeon)

   [ring of flight]

   Str:       It affects your strength (+4).
   SInv:      It lets you see invisible.
   Fly:       It grants you flight.
Wands
 l - a wand of mindburst (18)
 o - a wand of iceblast (44)
 C - a wand of paralysis (29)
 K - a wand of acid (7)
 V - a wand of digging (5)
 W - a wand of polymorph (33)
Scrolls
 e - 9 scrolls of teleportation
 f - 3 scrolls of blinking
 j - 3 scrolls of brand weapon
 m - 5 scrolls of enchant weapon
 t - 6 scrolls of amnesia
 D - 7 scrolls of identify
 E - 4 scrolls of fear
 I - 6 scrolls of fog
 R - 7 scrolls of magic mapping
 X - 7 scrolls of enchant armour
Potions
 d - 13 potions of curing
 k - 6 potions of heal wounds
 n - a potion of invisibility
 q - 3 potions of might
 s - 4 potions of haste
 w - 2 potions of magic
 y - a potion of cancellation
 z - 5 potions of brilliance
 A - 4 potions of lignification
 B - 4 potions of mutation
 F - 3 potions of flight
 H - 5 potions of attraction
 O - 2 potions of resistance
 P - 2 potions of berserk rage
 Y - 5 potions of ambrosia
Miscellaneous
 h - a piece from Xom's chessboard (15/15)
 S - a tin of tremorstones (2/2)


   Skills:
 + Level 15.0 Fighting
 - Level 14.0 Short Blades
 - Level 8.5 Polearms
 + Level 16.5 Dodging
 - Level 15.0 Stealth
 + Level 4.6 Shields
 - Level 10.2 Spellcasting
 - Level 3.7 Conjurations
 + Level 15.5 Summonings
 + Level 8.8 Translocations
 - Level 8.0 Air Magic


You had 5 spell levels left.
You knew the following spells:

 Your Spells              Type           Power      Damage    Failure   Level
a - Monstrous Menagerie   Summ           60%        N/A       2%          7
b - Call Imp              Summ           100%       N/A       0%          2
c - Call Canine Familiar  Summ           100%       N/A       0%          3
d - Summon Lightning Spi  Summ/Air       100%       N/A       1%          4
e - Teleport Other        Tloc           95%        N/A       1%          3
f - Summon Forest         Summ/Tloc      54%        N/A       1%          5
g - Airstrike             Air            45%        N/A       1%          4
h - Lightning Bolt        Conj/Air       39%        1d58      4%          5

Your spell library contained the following spells:

 Spells                   Type           Power      Damage    Failure   Level
 Summon Small Mammal      Summ           100%       N/A       0%          1
 Apportation              Tloc           100%       N/A       1%          1
 Magic Dart               Conj           100%       1d8       1%          1
 Sandblast                Erth           60%        2d14      1%          1
 Searing Ray              Conj           100%       3d7       1%          2
 Gell's Gravitas          Tloc           47%        N/A       1%          3
 Lesser Beckoning         Tloc           47%        N/A       1%          3
 Mephitic Cloud           Conj/Pois/Air  67%        N/A       1%          3
 Summon Guardian Golem    Hex/Summ       89%        N/A       1%          3
 Iskenderun's Mystic Bla  Conj/Tloc      82%        2d16      1%          4
 Summon Ice Beast         Ice/Summ       89%        N/A       1%          4
 Passwall                 Tmut/Erth      25%        N/A       2%          2
 Slow                     Hex            30%        N/A       2%          2
 Conjure Flame            Conj/Fire      52%        6-21      2%          3
 Dazzling Flash           Conj/Hex       100%       N/A       2%          3
 Confusing Touch          Hex            30%        N/A       5%          3
 Frozen Ramparts          Ice            60%        1d8       5%          3
 Ignite Poison            Fire/Tmut/Pois 30%        N/A       5%          3
 Ozocubu's Armour         Ice            30%        N/A       5%          3
 Hailstorm                Conj/Ice       52%        3d12      8%          4
 Sticky Flame             Conj/Fire      52%        2d7       8%          4
 Freezing Cloud           Conj/Ice/Air   33%        6-21      10%         5
 Animate Dead             Necr           15%        N/A       17%         4
 Ice Form                 Ice/Tmut       30%        N/A       17%         4
 Leda's Liquefaction      Hex/Erth       15%        N/A       17%         4
 Petrify                  Tmut/Erth      30%        N/A       17%         4
 Fireball                 Conj/Fire      26%        3d12      22%         5
 Bolt of Magma            Conj/Fire/Erth 22%        4d11      28%         5
 Alistair's Intoxication  Tmut/Pois      20%        N/A       43%         5
 Lee's Rapid Deconstruct  Erth           15%        3d11*     43%         5
 Metabolic Englaciation   Hex/Ice        15%        N/A       43%         5
 Yara's Violent Unravell  Hex/Tmut       15%        3d8       43%         5
 Summon Hydra             Summ           60%        N/A       2%          7
 Malign Gateway           Summ/Tloc      54%        N/A       10%         7
 Summon Horrible Things   Summ           60%        N/A       19%         8
 Haunt                    Necr/Summ      44%        N/A       52%         7
 Starburst                Conj/Fire      26%        6d8       77%         6
 Invisibility             Hex            15%        N/A       95%         6
 Simulacrum               Ice/Necr       15%        N/A       95%         6
 Statue Form              Tmut/Erth      20%        N/A       95%         6
 Infestation              Necr           15%        N/A       100%        8
 Chain Lightning          Conj/Air       39%        3d52      100%        9
 Fire Storm               Conj/Fire      26%        8d7       100%        9
 Polar Vortex             Ice            15%        N/A       100%        9


Dungeon Overview and Level Annotations

Branches:
Dungeon (15/15)            Temple (0/1) D:6            Lair (6/6) D:8
  Swamp (4/4) Lair:2        Snake (4/4) Lair:4        Slime (0/5) Lair:6
    Orc (2/2) D:9             Elf (2/3) Orc:2        Vaults (0/5) D:14
 Depths (2/5) D:15           Hell (visited)           IceCv (visited)
Volcano (visited)
    Dis: Hell:1         Geh: Hell:1         Coc: Hell:1         Tar: Hell:1

Altars:
Dithmenos
Elyvilon
Fedhas
Gozag
Hepliaklqana
Qazlal
Ru
Trog
Uskayaw
Yredelemnul
Zin
The Shining One

Shops:
D:1 *   D:7 *   D:10 *   D:13 =   Orc:2 =*[:(   Lair:2 ?   Lair:4 (   Swamp:2 :
Swamp:3 (   Snake:1 (=*   Depths:2 (

Portals:
Hell: Depths:1 Depths:2
Abyss: Depths:1
Pandemonium: Depths:2

Annotations:
D:11 Sonja
Swamp:3 2 transporters, Sharkman1231's ghost, adept DsAK
Elf:1 6 runed translucent doors


Innate Abilities, Weirdness & Mutations

((You are quick and stealthy near water. (Stealth+, EV+, Speed+++)))
Your lower body shifts to a powerful aquatic tail in water.


Message History

The +3 battleaxe of electrocution hits you!
You hit the +3 vampiric battleaxe but do no damage.
The +3 vampiric battleaxe is heavily damaged.
The +3 vampiric battleaxe misses you.
You riposte.
You hit the +3 vampiric battleaxe but do no damage.
The arc blade crackles.
The air crackles with electrical energy.
The +3 vampiric battleaxe is heavily damaged.
The +3 battleaxe of electrocution hits you!!
You hit the +3 vampiric battleaxe but do no damage.
The +3 vampiric battleaxe is heavily damaged.
You miss the +3 battleaxe of electrocution.
The +3 vampiric battleaxe hits you!
The +3 battleaxe of electrocution completely misses you.
You puncture the +3 battleaxe of electrocution!
The arc blade crackles.
Some blue arcs ground themselves harmlessly.
The +3 battleaxe of electrocution is heavily damaged.
Unknown command.
Casting: Summon Lightning Spire (safe; 1% risk of failure)
Confirm with . or Enter, or press ? or * to list all spells.
You feel a surge of power!
An electric hum fills the air.
The +3 vampiric battleaxe completely misses you.
You riposte.
You hit the +3 vampiric battleaxe but do no damage.
The +3 vampiric battleaxe is heavily damaged.
The +3 battleaxe of electrocution hits you!!
The +3 vampiric battleaxe hits you.
The +3 battleaxe of electrocution hits you!!
* * * LOW HITPOINT WARNING * * *
Unknown command.
Press: ? - help, v - describe, . - travel
Here: a +3 vampiric battleaxe (heavily damaged, ally target)
The floor, spattered with blood.
You fade into invisibility!
The +3 vampiric battleaxe hits you!!
* * * LOW HITPOINT WARNING * * *
The +3 battleaxe of electrocution hits you!
You die...
Your body crumbles into a pile of gold.

##...................
#.....#..............
##...###............#
##..## ##..........##
#...## #...........#
#...$# #.............
##...###.............
##....#..............
#...@(...............
#...(................
##$..$...............
#......8.............
#....................
##....#...... .......
#...###..... ......
....# ..... ##..##
#....


You could see 2 dancing weapons and a friendly lightning spire (summoned).

Vanquished Creatures
  the Lernaean hydra (Swamp:4)
  Vashnia (Snake:2)
  Kirke (D:14)
  A fire giant (Depths:2)
  7 nagarajas (Snake:4)
  A frost giant (Depths:2)
  Aizul (Elf:1)
  A reaper (IceCv)
  A deep elf elementalist (Elf:2)
  A stone giant (Depths:2)
  4 very ugly things (Depths:2)
  A vampire knight (Depths:2)
  A bunyip (shapeshifter) (Depths:2)
  A deep elf demonologist (Elf:1)
  A deep elf annihilator (Elf:1)
  3 bunyips
  2 ettins
  2 eleionomae
  A green death (Hell)
  Josephine (Snake:1)
  A deep elf high priest (Elf:1)
  9 naga warriors
  3 ice dragons
  A vault guard (D:14)
  11 hydras
  A rakshasa (Depths:1)
  3 ghost crabs
  6 boulder beetles
  4 salamander tyrants
  6 alligators
  4 anacondas
  A two-headed ogre (shapeshifter) (Depths:2)
  4 centaur warriors
  5 two-headed ogres
  4 tengu warriors
  3 orc high priests (Orc:2)
  5 naga sharpshooters
  4 shock serpents
  4 deep elf knights
  2 salamander mystics
  An iron troll (Depths:2)
  3 sea snakes (Snake:3)
  2 spriggan druids (Swamp:1)
  A flayed ghost (Depths:2)
  2 swamp dragons (Swamp:4)
  A glowing orange brain (Depths:1)
  A naga ritualist (Snake:2)
  3 goliath frogs
  2 bog bodies
  6 deep elf archers
  A necromancer (Depths:2)
  An obsidian statue (IceCv)
  A wizard (D:14)
  An orange crystal statue (IceCv)
  15 deep elf pyromancers
  7 deep elf zephyrmancers
  5 mana vipers
  A wolf spider (D:15)
  4 orc knights
  2 cyclopes
  10 ugly things
  13 salamanders
  3 orc sorcerers
  2 will-o-the-wisps
  An elephant (Lair:5)
  3 manticores
  18 black mambas
  A stone giant skeleton (Depths:2)
  A centaur zombie (D:11)
  4 guardian serpents
  A gargoyle (D:14)
  9 naga magi
  7 cane toads
  A torpor snail (Lair:4)
  3 orange demons (D:12)
  4 komodo dragons
  A rime drake (shapeshifter) (Depths:2)
  3 tengu conjurers
  An entropy weaver simulacrum (IceCv)
  An ice devil (IceCv)
  8 freezing wraiths
  5 tyrant leeches
  5 trolls
  4 hornets
  14 slime creatures
  A raiju (shapeshifter) (Depths:2)
  5 blink frogs
  2 dream sheep (Lair:6)
  A centaur simulacrum (D:14)
  2 spriggans (Swamp:1)
  An air elemental (Elf:1)
  4 wyverns (Lair:6)
  A shadow (D:11)
  6 water elementals
  A spriggan (shapeshifter) (Depths:2)
  A fire elemental (Elf:1)
  A spriggan simulacrum (IceCv)
  3 basilisks
  18 yaks
  A vampire (D:11)
  A hog (shapeshifter) (Depths:2)
  A basilisk (shapeshifter) (D:11)
  A hog (D:14)
  2 dire elephant simulacra (IceCv)
  5 vampire mosquitoes
  4 steam dragons
  4 minotaur simulacra (IceCv)
  3 wargs
  15 swamp worms
  A harpy simulacrum (IceCv)
  28 nagas
  9 water moccasins
  A water moccasin (shapeshifter) (Depths:2)
  4 swamp drakes
  An acid dragon (D:13)
  2 hell hounds (Lair:6)
  A sky beast (D:6)
  17 orc warriors
  An ice beast (D:5)
  A black bear (Lair:2)
  2 ogres
  8 wolves
  2 centaurs
  3 bullfrogs
  2 nameless horrors
  4 scorpions
  A scorpion (shapeshifter) (Depths:2)
  2 earth elementals (Elf:1)
  2 water moccasin skeletons (D:5)
  A lindwurm simulacrum (IceCv)
  A howler monkey (D:12)
  4 electric eels
  A crimson imp (D:4)
  3 lava snakes (Lair:6)
  A hound (shapeshifter) (Depths:2)
  2 hounds
  A jelly (D:5)
  13 orc priests
  2 iguanas (D:5)
  2 centaur skeletons (D:6)
  16 orc wizards
  5 hell rats (Lair:1)
  A hound skeleton (D:4)
  3 gnolls
  3 river rats (Lair:1)
  5 adders
  3 dart slugs
  44 orcs
  5 endoplasms
  A giant cockroach (D:3)
  6 goblins
  7 hobgoblins
  2 jackals
  6 kobolds
  6 quokkas
  5 ball pythons
  7 bats
  4 frilled lizards
  A goblin zombie (D:4)
  A hobgoblin zombie (D:4)
  2 orc zombies (D:4)
  15 rats
  3 briar patches (Swamp:4)
  A butterfly (Lair:4)
656 creatures vanquished.

Vanquished Creatures (collateral kills)
  A golden dragon (Depths:2)
  Rupert (Lair:5)
  A lich (Depths:1)
  2 sphinxes
  2 thorn hunters (Swamp:4)
  Gastronok (Lair:3)
  A tengu reaver (Depths:1)
  A fire giant (Depths:2)
  A shadow dragon (Depths:2)
  A frost giant (Depths:2)
  7 nagarajas (Snake:4)
  An orc warlord (Orc:2)
  2 reapers (IceCv)
  5 spectral caustic shrikes (Depths:2)
  A very ugly thing (Depths:2)
  6 stone giants (Depths:2)
  A deep elf demonologist (Elf:1)
  2 bunyips
  4 spark wasps (Depths:2)
  An eleionoma (Swamp:4)
  4 ettins (Depths:2)
  Snorg (Lair:3)
  2 shambling mangroves
  2 fire dragons
  A rakshasa (Depths:2)
  A boulder beetle (D:13)
  6 naga warriors
  2 salamander tyrants (Snake:4)
  2 ice dragons
  2 spriggan air magi (Depths:2)
  12 hydras
  A vault guard (D:14)
  2 two-headed ogres (D:10)
  An anaconda (Snake:2)
  2 dancing weapons
  2 vampire magi (Depths:1)
  3 centaur warriors
  2 tengu warriors
  6 death yaks (Lair:4)
  4 deep troll earth magi
  A titan zombie (Depths:1)
  3 orc high priests
  6 deep elf knights
  A shock serpent (Snake:1)
  8 naga sharpshooters
  A spriggan berserker (Depths:2)
  A sun demon (Depths:1)
  An iron troll (Depths:1)
  A fire crab (shapeshifter) (Depths:2)
  3 goliath frogs
  4 salamander mystics (Snake:4)
  A spark wasp zombie (Depths:1)
  A sea snake (Snake:1)
  3 naga ritualists
  3 deep trolls
  10 swamp dragons
  4 bog bodies
  3 deep elf archers (Elf:1)
  6 orc knights
  A sphinx zombie (Depths:2)
  A lindwurm (Lair:6)
  3 orc sorcerers
  5 deep elf pyromancers
  A necromancer (Depths:2)
  3 ugly things
  4 nameless horrors
  9 deep elf zephyrmancers
  3 mana vipers (Snake:2)
  3 cyclopes
  A manticore (shapeshifter) (Depths:2)
  2 will-o-the-wisps
  2 manticores (D:12)
  A salamander (shapeshifter) (Depths:2)
  6 salamanders
  2 molten gargoyles (Lair:6)
  9 elephants
  A frost giant skeleton (Depths:2)
  2 guardian serpents (Snake:2)
  9 naga magi
  A torpor snail (Lair:6)
  12 black mambas
  A smoke demon (Volcano)
  7 cane toads
  A freezing wraith (IceCv)
  A kobold demonologist (D:11)
  14 komodo dragons
  A rime drake (Lair:6)
  4 tengu conjurers
  2 yaktaurs
  An ice devil (IceCv)
  An entropy weaver simulacrum (IceCv)
  A troll (shapeshifter) (Depths:2)
  2 trolls
  A jumping spider (shapeshifter) (Depths:2)
  2 polar bears
  A bloated husk (Swamp:4)
  6 slime creatures
  5 dream sheep (Lair:6)
  9 hornets
  13 blink frogs
  A dream sheep (shapeshifter) (Depths:2)
  5 wraiths (Snake:1)
  3 spriggans (Swamp:1)
  4 water elementals
  An air elemental (Elf:1)
  33 yaks
  A spriggan simulacrum (IceCv)
  3 hogs (D:14)
  A vampire (D:11)
  A wyvern (Lair:6)
  5 steam dragons
  A golden eye (shapeshifter) (D:10)
  5 basilisks
  A vampire mosquito (D:11)
  4 swamp worms
  3 wargs (Orc:2)
  2 acid dragons
  2 minotaur simulacra (IceCv)
  28 nagas
  A water moccasin (Lair:4)
  3 black bears (Lair:1)
  2 hell hounds (Lair:6)
  6 swamp drakes (Swamp:4)
  23 orc warriors
  An ice beast (D:7)
  2 necrophages
  11 wolves
  3 boggarts (D:14)
  2 alligator simulacra (IceCv)
  4 ogres
  A centaur (D:5)
  3 kobold brigands
  6 bullfrogs
  3 gnoll sergeants
  2 scorpions (D:4)
  2 water moccasin zombies
  A water moccasin skeleton (D:5)
  An electric eel (Lair:2)
  5 wights (D:8)
  3 howler monkeys (D:8)
  2 lava snakes (Lair:6)
  A centaur zombie (D:5)
  A hound (D:6)
  A gnoll shaman (D:6)
  15 orc priests
  A centaur skeleton (D:4)
  A jelly (D:5)
  Natasha (D:3)
  26 orc wizards
  3 hell rats (Lair:1)
  A hound skeleton (D:5)
  14 gnolls
  A howler monkey zombie (D:7)
  5 river rats (Lair:1)
  2 dart slugs
  57 orcs
  A bat (D:1)
  2 endoplasms
  A goblin (D:1)
  A hobgoblin (D:1)
  2 jackals
  12 kobolds
  3 quokkas
  2 ball pythons
  A kobold skeleton (D:4)
  2 kobold zombies (D:4)
  An orc skeleton (D:4)
  4 rats
  10 briar patches (Swamp:4)
678 creatures vanquished.

Vanquished Creatures (others)
  14 dancing weapons
  A deep elf knight (Elf:2)
  A deep elf pyromancer (Elf:2)
  A guardian serpent (Snake:4)
  A smoke demon (Volcano)
  A tengu conjurer (Depths:1)
  2 humans (D:14)
  A steam dragon (Volcano)
  An orc (Elf:1)
  A briar patch (Swamp:4)
  A bush (D:4)
  20 foxfires
  58 fungi
  49 plants
  13 snaplasher vines
  3 toadstools (Depths:1)
168 creatures vanquished.

Grand Total: 1502 creatures vanquished

Notes
Turn   | Place    | Note
-------+----------+-------------------------------------------
     0 | D:1      | hikkokomori the Merfolk Summoner began the quest for the
                  | Orb.
     0 | D:1      | Reached XP level 1. HP: 13/13 MP: 3/3
   550 | D:1      | Reached XP level 2. HP: 8/20 MP: 1/5
   552 | D:1      | Reached skill level 3 in Dodging
   769 | D:1      | Found Wumasosm's Assorted Antiques.
  1011 | D:1      | Reached skill level 1 in Fighting
  1467 | D:1      | Reached XP level 3. HP: 26/26 MP: 6/6
  1468 | D:1      | Reached skill level 6 in Dodging
  1468 | D:1      | Reached skill level 5 in Stealth
  1468 | D:1      | Reached XP level 4. HP: 38/38 MP: 7/10
  1630 | D:1      | Identified a scroll of acquirement
  1630 | D:1      | Acquired the ring of Qomiv {rPois rF+ Int+6 Dex+4}
  1659 | D:2      | Found a faded altar of an unknown god.
  1699 | D:2      | Learned a level 2 spell: Call Imp
  1703 | D:2      | Learned a level 3 spell: Call Canine Familiar
  2039 | D:2      | Reached skill level 5 in Fighting
  2598 | D:3      | Found a white marble altar of Elyvilon.
  2892 | D:3      | Noticed Natasha
  2900 | D:3      | Killed Natasha
  2901 | D:3      | Reached XP level 5. HP: 44/44 MP: 3/11
  2963 | D:3      | Found an opulent altar of Gozag.
  2968 | D:3      | Became a worshipper of Gozag Ym Sagoz the Greedy
  2978 | D:3      | Found a sacrificial altar of Ru.
  3057 | D:4      | Reached skill level 8 in Dodging
  3057 | D:4      | Reached skill level 5 in Spellcasting
  3057 | D:4      | Reached XP level 6. HP: 55/55 MP: 12/14
  3389 | D:4      | Found a blossoming altar of Fedhas.
  3394 | D:4      | Noticed a necrophage
  3394 | D:4      | Noticed a necrophage
  3394 | D:4      | Noticed a necrophage
  3395 | D:4      | Noticed a necrophage
  3586 | D:4      | Found a glowing golden altar of the Shining One.
  3671 | D:4      | Noticed a steam dragon
  3690 | D:4      | Reached XP level 7. HP: 56/61 MP: 8/15
  3707 | D:4      | Killed a steam dragon
  3736 | D:4      | Found a sand-covered staircase.
  3773 | D:4      | You fall into a shaft and drop 3 floors!
  4108 | D:7      | Found Zunaclaisi's Assorted Antiques.
  4128 | D:5      | Entered Level 5 of the Dungeon
  4202 | D:5      | Reached XP level 8. HP: 52/68 MP: 12/16
  4518 | D:5      | Identified the +5 hand axe "Murmur" {protect, rF+ rCorr
                  | Str+5 Dex-3}
  4536 | D:5      | Noticed a hornet
  4541 | D:5      | Paralysed by a hornet for 3 turns
  4549 | D:5      | Killed a hornet
  5003 | D:1      | Bought a shimmering copper amulet for 130 gold pieces
  5003 | D:1      | Identified the amulet "Plog" {rElec Regen+ Int+5 Dex+2}
                  | (You bought it in a shop on level 1 of the Dungeon)
  5003 | D:1      | Bought a translucent helmet for 247 gold pieces
  5003 | D:1      | Identified the +2 helmet of Distant Worlds {Regen+ Int+5}
                  | (You bought it in a shop on level 1 of the Dungeon)
  5018 | D:1      | Learned a level 4 spell: Summon Lightning Spire
  5456 | D:4      | Found a stormy altar of Qazlal.
  5744 | D:5      | Found a hide-covered altar of Uskayaw.
  6435 | D:6      | Reached skill level 1 in Air Magic
  6435 | D:6      | Reached XP level 9. HP: 75/75 MP: 15/17
  6468 | D:6      | Found a staircase to the Ecumenical Temple.
  6510 | D:6      | Reached skill level 9 in Dodging
  7077 | D:7      | Bought a runed robe for 118 gold pieces
  7091 | D:7      | Learned a level 3 spell: Teleport Other
  7684 | D:8      | Reached skill level 1 in Translocations
  7912 | D:8      | Found a staircase to the Lair.
  7978 | D:8      | Found a shadowy altar of Dithmenos.
  7979 | D:8      | Found a hazy altar of Hepliaklqana.
  8047 | D:8      | Noticed a hornet
  8067 | D:8      | Killed a hornet
  8800 | D:9      | Found a staircase to the Orcish Mines.
  9256 | D:9      | Reached XP level 10. HP: 83/83 MP: 13/18
  9734 | D:9      | Acquired the Volume of Combat Magic and the Entourage
  9757 | D:10     | Entered Level 10 of the Dungeon
 10188 | D:10     | Noticed a cyclops
 10198 | D:10     | Killed a cyclops
 10199 | D:10     | Noticed a centaur warrior
 10216 | D:10     | Killed a centaur warrior
 10327 | D:10     | Noticed a two-headed ogre
 10336 | D:10     | Killed a two-headed ogre
 10443 | D:10     | Found Boledghuys's Island Escapes.
 10451 | D:10     | Bought a potion of invisibility for 120 gold pieces
 10451 | D:10     | Bought a scroll of blinking for 112 gold pieces
 10461 | D:10     | Noticed a two-headed ogre
 10470 | D:10     | Killed a two-headed ogre
 10471 | D:10     | Reached skill level 10 in Dodging
 10771 | D:11     | Noticed a cyclops
 10782 | D:11     | Killed a cyclops
 11000 | Lair:1   | Entered Level 1 of the Lair of Beasts
 11360 | D:8      | Reached XP level 11. HP: 90/90 MP: 0/19
 11848 | Lair:1   | Reached skill level 10 in Fighting
 12237 | Lair:1   | Noticed a seven-headed hydra
 12257 | Lair:1   | Killed a seven-headed hydra
 12258 | Lair:1   | Reached skill level 11 in Dodging
 12498 | Lair:1   | Noticed a seven-headed hydra
 12547 | Lair:1   | Killed a seven-headed hydra
 13676 | Lair:2   | Reached skill level 5 in Air Magic
 13692 | Lair:2   | Noticed a four-headed hydra
 13718 | Lair:2   | Killed a four-headed hydra
 13719 | Lair:2   | Reached XP level 12. HP: 96/99 MP: 1/20
 13853 | Lair:2   | Reached skill level 5 in Translocations
 13982 | Lair:2   | Found a dark tunnel.
 13993 | Volcano  | Entered a volcano
 14028 | Volcano  | Learned a level 5 spell: Summon Forest
 14041 | Volcano  | Reached skill level 12 in Dodging
 14080 | Volcano  | Noticed a sun demon
 14083 | Volcano  | Noticed a sun demon
 14219 | Lair:2   | Bought a scroll of fog for 32 gold pieces
 14219 | Lair:2   | Bought a scroll of identify for 32 gold pieces
 14747 | Lair:2   | Found a staircase to the Swamp.
 15724 | Lair:3   | Noticed Snorg
 15737 | Lair:3   | Killed Snorg
 15743 | Lair:3   | Noticed Gastronok
 15765 | Lair:3   | Killed Gastronok
 16207 | Lair:4   | Bought a runed spear for 204 gold pieces
 16408 | Lair:4   | Noticed a death yak
 16409 | Lair:4   | Noticed a death yak
 16409 | Lair:4   | Noticed a death yak
 16416 | Lair:4   | Noticed a death yak
 16419 | Lair:4   | Noticed a death yak
 16422 | Lair:4   | Killed a death yak
 16425 | Lair:4   | Killed a death yak
 16426 | Lair:4   | Noticed a death yak
 16427 | Lair:4   | Killed a death yak
 16427 | Lair:4   | Killed a death yak
 16428 | Lair:4   | Killed a death yak
 16437 | Lair:4   | Killed a death yak
 16687 | Lair:4   | Found a staircase to the Snake Pit.
 16715 | Lair:4   | Noticed a six-headed hydra
 16719 | Lair:4   | Killed a six-headed hydra
 16725 | Lair:4   | Found a runed translucent door.
 16728 | Lair:4   | Noticed an eight-headed hydra
 16756 | Lair:4   | Reached XP level 13. HP: 107/107 MP: 16/21
 17205 | Lair:5   | Noticed Rupert
 17210 | Lair:5   | Paralysed by Rupert for 4 turns
 17218 | Lair:5   | Killed Rupert
 17219 | Lair:5   | Reached skill level 13 in Dodging
 17473 | Lair:5   | Learned a level 4 spell: Airstrike
 18193 | Lair:6   | Entered Level 6 of the Lair of Beasts
 18518 | Lair:6   | Found a staircase to the Slime Pits.
 18543 | Lair:6   | Found the +8 arc blade {discharge, rElec}
 18614 | Lair:6   | Reached skill level 1 in Short Blades
 19210 | Lair:6   | Found a large runed translucent door.
 19221 | Lair:6   | Found a large runed translucent door.
 19259 | Lair:6   | Noticed a fire dragon
 19951 | Lair:6   | Killed a fire dragon
 20362 | Orc:1    | Entered Level 1 of the Orcish Mines
 20449 | Orc:1    | Reached skill level 10 in Stealth
 20860 | Orc:2    | Entered Level 2 of the Orcish Mines
 21059 | Orc:2    | Reached XP level 14. HP: 115/115 MP: 7/23
 21583 | Orc:2    | Found Konyc's Jewellery Emporium.
 21597 | Orc:2    | Found a staircase to the Elven Halls.
 21618 | Orc:2    | Bought the ring of Nes Imul {AC+4 Dex+4 Slay+3} for 1088
                  | gold pieces
 21861 | Orc:2    | Noticed an orc warlord
 21870 | Orc:2    | Killed an orc warlord
 21902 | Orc:2    | Reached skill level 5 in Short Blades
 22518 | Orc:2    | Reached skill level 10 in Summonings
 22719 | Orc:2    | Found Ucheyrio's Antique Armour Shop.
 22766 | Orc:2    | Found Qosar's Antique Weapon Boutique.
 22767 | Orc:2    | Found Oluestrufoy's General Store.
 22767 | Orc:2    | Found Beyziym's Book Shop.
 22771 | Orc:2    | Bought the +0 pair of boots of the Furrier {Int+3 Slay+2}
                  | for 314 gold pieces
 22784 | Orc:2    | Bought a book of Annihilations for 440 gold pieces
 22790 | Orc:2    | Learned a level 5 spell: Lightning Bolt
 22803 | Orc:2    | Bought the +0 pair of fencer's gloves {Riposte Dex+3} for
                  | 1480 gold pieces
 22803 | Orc:2    | Found the +0 pair of fencer's gloves {Riposte Dex+3}
 23768 | D:11     | Noticed Sonja
 23795 | D:11     | Identified the +0 buckler of Free Will {rPois rC++ Will-
                  | Int+3}
 24526 | D:11     | Found the +4 robe of Augmentation {Str+4 Int+4 Dex+4}
 25173 | D:12     | You fall into a shaft and drop 3 floors!
 25173 | D:15     | Entered Level 15 of the Dungeon
 25475 | D:13     | Reached skill level 1 in Conjurations
 26119 | D:12     | Reached XP level 15. HP: 106/120 MP: 27/27
 26763 | D:13     | Found Gokkoel's Jewellery Emporium.
 26771 | D:13     | Bought the ring of the Twenty Mystics {Fly Str+4 SInv} for
                  | 408 gold pieces
 26843 | D:14     | Noticed Kirke
 27120 | D:14     | Killed Kirke
 27963 | D:14     | Found a gate to the Vaults.
 28978 | D:15     | Found a staircase to the Depths.
 29092 | Depths:1 | Entered Level 1 of the Depths
 29106 | Depths:1 | Noticed a lich
 29337 | Swamp:1  | Entered Level 1 of the Swamp
 29959 | Swamp:2  | Reached XP level 16. HP: 103/127 MP: 21/29
 29962 | Swamp:2  | Reached skill level 10 in Short Blades
 30514 | Swamp:3  | Reached skill level 14 in Dodging
 30967 | Swamp:3  | Found a transporter.
 30974 | Swamp:3  | Found a bloodstained altar of Trog.
 30984 | Swamp:3  | Found a transporter.
 30985 | Swamp:3  | Noticed Sharkman1231's ghost (adept DsAK)
 31345 | Swamp:4  | Entered Level 4 of the Swamp
 31449 | Swamp:4  | Noticed the 27-headed Lernaean hydra
 31450 | Swamp:4  | Noticed a thorn hunter
 31470 | Swamp:4  | Noticed a thorn hunter
 31843 | Swamp:4  | Killed a thorn hunter
 32003 | Swamp:4  | Killed a thorn hunter
 32470 | Elf:1    | Entered Level 1 of the Elven Halls
 32533 | Elf:1    | Identified the +6 scale mail "Ufroeg" {Str+7}
 32578 | Elf:1    | Found a frozen archway.
 32592 | IceCv    | Entered an ice cave
 32780 | IceCv    | Reached skill level 15 in Dodging
 33636 | Elf:1    | Learned a level 7 spell: Monstrous Menagerie
 33686 | Elf:1    | Reached XP level 17. HP: 133/133 MP: 30/30
 34157 | Elf:1    | Paralysed by an air elemental for 1 turns
 34164 | Elf:1    | Noticed a Hell Sentinel
 34167 | Elf:1    | Noticed a Tzitzimitl
 34661 | Elf:1    | Found the +6 arbalest "Damnation" {damnation}
 34667 | Elf:1    | Found a runed translucent gate.
 34667 | Elf:1    | Found a runed translucent gate.
 34667 | Elf:1    | Found a runed translucent gate.
 34667 | Elf:1    | Found a runed translucent gate.
 34667 | Elf:1    | Found a runed translucent gate.
 34669 | Elf:1    | Found a runed translucent gate.
 34782 | Elf:1    | Noticed Aizul
 34803 | Elf:1    | Killed Aizul
 35281 | Snake:1  | Entered Level 1 of the Snake Pit
 35443 | Snake:1  | Noticed Josephine
 35455 | Snake:1  | Killed Josephine
 35790 | Snake:1  | Found Jilarrak's Jewellery Boutique.
 35794 | Snake:1  | Found Vefron's General Store.
 35809 | Snake:1  | Bought a potion of haste for 120 gold pieces
 35809 | Snake:1  | Bought a scroll of enchant armour for 90 gold pieces
 35814 | Snake:1  | Bought the ring of Shadows {Umbra +Inv Stlth+} for 600 gold
                  | pieces
 35814 | Snake:1  | Found the ring of Shadows {Umbra +Inv Stlth+}
 36344 | Snake:2  | Found an opulent altar of Gozag.
 36502 | Snake:2  | Reached skill level 15 in Stealth
 37011 | Snake:2  | Noticed Vashnia
 37065 | Snake:2  | Killed Vashnia
 37706 | Snake:3  | Identified the +6 chain mail of Arhyqy {Harm rElec rPois
                  | Str-3}
 37948 | Snake:3  | Reached XP level 18. HP: 116/143 MP: 22/31
 38509 | Snake:3  | Found a hazy altar of Hepliaklqana.
 38920 | Snake:4  | Entered Level 4 of the Snake Pit
 39148 | Snake:4  | Reached skill level 10 in Spellcasting
 39391 | Snake:4  | Identified the +0 mace "Orb Guardian's Peril" {pain, rN+}
 40345 | Snake:4  | Got a serpentine rune of Zot
 40859 | Swamp:4  | Killed the 27-headed Lernaean hydra
 40997 | Swamp:4  | Got a decaying rune of Zot
 41674 | Depths:1 | Killed a lich
 41885 | Depths:1 | Found a gateway to Hell.
 42402 | Depths:1 | Found a one-way gate to the infinite horrors of the Abyss.
 42674 | Depths:1 | Found a basalt altar of Yredelemnul.
 42725 | Hell     | Entered the Vestibule of Hell
 42915 | Depths:2 | Found a glowing silver altar of Zin.
 42919 | Depths:2 | Found a one-way gate leading to the halls of Pandemonium.
 42940 | Depths:2 | Reached XP level 19. HP: 111/152 MP: 24/33
 43131 | Depths:2 | Reached skill level 15 in Summonings
 43159 | Depths:2 | Reached skill level 1 in Shields
 43214 | Depths:2 | Found a sacrificial altar of Ru.
 44126 | Depths:2 | Identified the +1 chain mail "Gushuang" {*Corrode rPois
                  | rC+}
 44181 | Depths:2 | Got the Compendium of the Rat
 44286 | Depths:2 | Reached skill level 16 in Dodging
 44676 | Depths:2 | Noticed a golden dragon
 44768 | Depths:2 | Identified the ring "Fasuelim" {rPois rF++ Int-3}
 44811 | Depths:2 | Killed a golden dragon
 44958 | Depths:2 | Identified the +4 mace of Ammoqa {drain, *Slow +Rage Will+
                  | Int+2}
 45439 | Depths:2 | Bought a glowing glaive for 304 gold pieces
 46372 | Elf:2    | Found a runed translucent gate.
 46372 | Elf:2    | Found a runed translucent gate.
 46372 | Elf:2    | Found a runed translucent gate.
 46582 | Elf:2    | Identified the ring "Hanot" {Will+ rCorr}
 46710 | Elf:2    | Reached skill level 15 in Fighting
 46864 | Elf:2    | Slain by a +3 battleaxe of electrocution

Illustrated notes

Levels and vault maps discovered:
D:1:      matt_arrival_los_fun, layout_basic, serial_shops,
          nicolae_shop_overgrown_old_shop
D:2:      layout_rooms, shapermc_ecumenical_altar_venn, minmay_tall_x
D:3:      layout_loops_ring, lemuel_doored_altar, mainiacjoe_overflow_big_doors,
          kennysheep_generic_room_7, uniq_natasha
D:4:      layout_basic, nicolae_tso_besieged_by_evil,
          fedhas_altar_decomposition, nicolae_qazlal_eye_of_the_storm,
          nicolae_ossuary_entry_monument
D:5:      minmay_bubble_buster, layout_rooms, amcnicky_altar_gilded
D:6:      layout_cave_pods, temple_pool_b
D:7:      layout_basic, serial_shops, nicolae_shop_waterfront
D:8:      layout_rooms, riverfiend_overflow_shadow_ancestor,
          nicolae_overflow_hidden_temple, grunt_lair_entry_orc_guard_hut
D:9:      layout_basic, david_orc_3, minivault_25_ag, moated_statue,
          amcnicky_mini_pool_small
D:10:     kennysheep_big_flooded_room, layout_irregular_city,
          nicolae_island_escapes
D:11:     minmay_the_grid_octo_2x2 [minmay_the_grid_octo_odd_swirl,
          minmay_the_grid_octo_thin_diamonds,
          minmay_the_grid_octo_tetromino_candy,
          minmay_the_grid_octo_prize_square_snowflake], layout_basic, uniq_sonja
D:12:     layout_loops_ring, einodemon_barbed_minivault
D:13:     layout_basic, serial_shops, shop_fountains
D:14:     layout_small_grid, grunt_vaults_entry_fortified,
          roderic_roman_lattice, uniq_kirke
D:15:     hangedman_depths_entry_try_elsewhere_first, layout_basic
Lair:1:   lemuel_ratsnest, layout_cellular_growth,
          nicolae_quartered_pool_medium, beast_lair_carwin_3,
          serial_bayou_shore_a
Lair:2:   layout_roguey, nicolae_swamp_entry_splash_gauntlet,
          nicolae_volcano_entry_two_sided, minmay_holes, st_stairs_9,
          lemuel_fruit_fields
Lair:3:   layout_cellular_growth, uniq_snorg, uniq_gastronok
Lair:4:   layout_gridlike, dummy_snake_entry, st_stairs_4, pf_torpor_hydra,
          grunt_megastairs_3
Lair:5:   layout_roguey, beast_lair_carwin_2, uniq_rupert
Lair:6:   cheibrodos_lair_end_hotspot, layout_gridlike, slime_dummy
Swamp:1:  layout_basic_swamp, evilmike_swamp_ruin_house_5
Swamp:2:  layout_basic_swamp, evilmike_swamp_ruin_rubble_2
Swamp:3:  layout_basic_swamp, gammafunk_ghost_wrathful_warriors,
          infiniplex_staircase_pool_2
Swamp:4:  swamp_alternative, layout_basic_swamp, swamp_pool2
Snake:1:  layout_onion_interference, serial_bayou_ford_a, minmay_shop_star,
          uniq_josephine
Snake:2:  layout_gridlike, basic_altar, grunt_megastairs_1, uniq_vashnia
Snake:3:  layout_basic, basic_altar
Snake:4:  grunt_snake_rune_spirals, layout_onion
Orc:1:    layout_diamond_mine
Orc:2:    st_orc_congregation, layout_caves, serial_shops, nicolae_shop_trees,
          statue_in_the_mist_lemuel, mines4_lemuel
Elf:1:    elf_arrival_001, layout_geoelf_diagonals,
          portal_ice_cave_entry_dragon, orc_legates, uniq_aizul, uniq_louise
Elf:2:    elven_hall_of_blades_hangedman_original
          [nicolae_blade_entry_pointy_end], layout_geoelf_grid
Depths:1: layout_cave_pools, abyss_entry_small_statue_room, hell_entry,
          nicolae_two_hexagons, minmay_gold_behind_fungi,
          lemuel_zombie_altar_yredelemnul
Depths:2: vault_1, layout_basic, pan_entry, pf_hell_entry_tar_river,
          nicolae_ru_path_of_blood, st_stairs_12, zin_statuary
Hell

Skill      XL: |  1  2  3  4  5  6  7  8  9 10 11 12 13 14 15 16 17 18 19 |
---------------+----------------------------------------------------------+-----
Dodging        | 3 6 8 9 10 11 12 13 15 16 | 16.5
Fighting       | 1 4 5 7 8 9 10 11 12 13 14 15 | 15.0
Polearms       | 6 8 |  8.5
Stealth        | 5 7 8 9 10 11 12 14 15 | 15.0
Spellcasting   | 4 5 6 8 9 10 | 10.2
Summonings     | 6 7 8 9 10 11 12 13 14 15 | 15.5
Air Magic      | 1 2 3 5 6 7 8 |  8.0
Translocations | 1 3 4 6 7 8 |  8.8
Short Blades   | 4 7 9 11 13 14 | 14.0
Conjurations   | 1 3 |  3.7
Shields        | 4 |  4.6

Action                   |  1- 3 |  4- 6 |  7- 9 | 10-12 | 13-15 | 16-18 | 19-21 || total
-------------------------+-------+-------+-------+-------+-------+-------+-------++-------
Melee: Unarmed           |    37 |       |       |       |       |       |       ||    37
       Spear             |    24 |   137 |   414 |   834 |   170 |    25 |       ||  1604
       Club              |     1 |       |       |       |       |       |       ||     1
       Tailslap          |       |       |       |     2 |    12 |    25 |       ||    39
       Rapier            |       |       |       |    16 |   479 |   772 |   167 ||  1434
       Trident           |       |       |       |       |       |    44 |   173 ||   217
       Demon trident     |       |       |       |       |       |       |     4 ||     4
 Fire: Arbalest          |       |       |       |       |       |    21 |    24 ||    45
 Cast: Summon Small Mamm |    15 |       |       |     1 |       |       |       ||    16
       Call Canine Famil |       |    10 |    15 |    23 |     5 |     4 |     1 ||    58
       Call Imp          |       |    10 |     5 |    12 |     7 |     1 |       ||    35
       Summon Lightning  |       |       |    27 |    80 |    56 |    60 |    13 ||   236
       Summon Forest     |       |       |       |     7 |    34 |    24 |     1 ||    66
       Airstrike         |       |       |       |       |    71 |    26 |       ||    97
       Lightning Bolt    |       |       |       |       |    16 |    28 |     5 ||    49
       Teleport Other    |       |       |       |       |     1 |       |       ||     1
       Monstrous Menager |       |       |       |       |       |    48 |    58 ||   106
Invok: Call Merchant     |       |       |       |     2 |       |     3 |     1 ||     6
Evoke: Wand              |       |       |       |       |       |     2 |     2 ||     4
  Use: Scroll            |     1 |     3 |     1 |    17 |     8 |     9 |     2 ||    41
       Potion            |     1 |     1 |       |       |     4 |     9 |     2 ||    17
 Stab: Sleeping          |     6 |     8 |    11 |     6 |    31 |    30 |    12 ||   104
       Distracted        |       |       |     4 |    16 |    21 |    31 |    14 ||    86
       Invisible         |       |       |       |       |     1 |     1 |       ||     2
       Paralysed         |       |       |       |       |       |     2 |     1 ||     3
       Confused          |       |       |       |       |       |     1 |     1 ||     2
Armor: Robe              |    22 |     7 |    57 |   112 |   148 |   135 |    47 ||   528
Dodge: Dodged            |    67 |    43 |   234 |   624 |   638 |   789 |   254 ||  2649
Block: Buckler           |       |       |       |       |       |    17 |       ||    17
       Rpst.: Rapier     |       |       |       |       |    51 |   106 |    30 ||   187
       Spear             |       |       |       |       |       |     6 |       ||     6
       Trident           |       |       |       |       |       |     4 |    36 ||    40
